 Dungeon Crawl Stone Soup version 0.31-a0-841-g038b102fc3 (webtiles) character file.

Game seed: 9613443610676112335

289 LeprechaunX the Changeling (level 6, -1/41 HPs)
             Began as an Octopode Shapeshifter on Sept 27, 2023.
             Slain by an orc
             ... wielding a +0 mace
              (5 damage)
             ... on level 3 of the Dungeon.
             The game lasted 00:01:28 (1535 turns).

LeprechaunX the Changeling (Octopode Shapeshifter)  Turns: 1535, Time: 00:01:29

Health: -1/41      AC:  1    Str: 16    XL:     6   Next: 31%
Magic:  6/6        EV: 13    Int: 12    God:
Gold:   89         SH:  0    Dex: 11    Spells: 5/5 levels left

rFire   . .          .
                       - Unarmed
rCold   . . .        (no shield)
rNeg    . . .        (helmet currently unavailable)
rPois   .            (no amulet)
rElec   .            (no ring)
rCorr   .            (no ring)
SInv    .            (no ring)
Will    .....        (no ring)
Stlth   ++           (no ring)
HPRegen 0.26/turn    (no ring)
MPRegen 0.10/turn    (no ring)
                     (no ring)

%: no passive effects
@: beast-form
A: beast (slay +2), almost no armour, amphibious, 8 rings, camouflage 1,
gelatinous body 1, (nimble swimmer 1), tentacles
a: Begin Untransformation


You were on level 3 of the Dungeon.
You were a hulking beast.
You visited 1 branch of the dungeon, and saw 3 of its levels.

You collected 89 gold pieces.

Inventory:

Talismans
 b - a beast talisman (active)
 c - a flux talisman
Scrolls
 d - a scroll of enchant weapon {unknown}
 f - 2 scrolls of noise {unknown}
 h - 7 scrolls of identify {unknown}
 i - 2 scrolls of blinking {unknown}
Potions
 e - a potion of attraction {unknown}
 g - a potion of curing {unknown}
 j - a potion of berserk rage {unknown}
 k - a potion of ambrosia {unknown}
 l - a potion of cancellation {unknown}


   Skills:
 + Level 2.7 Fighting
 + Level 3.3 Dodging
 + Level 4.0 Unarmed Combat
 * Level 4.7 Shapeshifting


You had 5 spell levels left.
You didn't know any spells.
Your spell library was empty.

Dungeon Overview and Level Annotations

Branches:
Dungeon (3/15)

Altars:


Innate Abilities, Weirdness & Mutations

You are a hulking beast.
Your limbs bulge with bestial killing power. (Slay +2)
You cannot wear most types of armour.
You are amphibious.
You can wear up to eight rings at the same time.
Your skin changes colour to match your surroundings (Stealth+).
Your rubbery body absorbs attacks. (AC +1, EV +1)
((You are camouflaged when in or above water. (Stealth+)))
You have tentacles for arms and can constrict up to eight enemies at once.


Message History

You constrict Robin.
You feel sick. Robin throws the goblin at you! The goblin closely misses you.
The adder bites you.
Unknown command.
You tentacle-slap Robin but do no damage.
You tentacle-slap Robin! You squeeze Robin.
You kill Robin!
You feel sick. The goblin hits you with a +0 club.
The goblin hits you with a +0 dagger. The adder barely misses you.
Unknown command.
You bludgeon the goblin!
You kill the goblin!
The adder closely misses you. The goblin hits you with a +0 club.
The goblin closely misses you.
You completely miss the adder. You grab the adder. You constrict the adder.
You feel sick. The adder bites you.
* * * LOW HITPOINT WARNING * * *
The goblin hits you with a +0 club.
* * * LOW HITPOINT WARNING * * *
The adder barely misses you.
Unknown command.
You tentacle-slap the adder. You squeeze the adder.
You kill the adder!
You feel sick. The goblin hits you with a +0 dagger.
* * * LOW HITPOINT WARNING * * *
The goblin hits you with a +0 club.
* * * LOW HITPOINT WARNING * * *
Unknown command.
You feel sick.
You are no longer poisoned.
The goblin attacks as it pursues you! The goblin hits you with a +0 dagger.
* * * LOW HITPOINT WARNING * * *
The orc attacks as it pursues you! The orc barely misses you.
You see here a +0 club.
You barely miss the orc. You grab the orc.
You constrict the orc, but do no damage.
The goblin hits you but does no damage. The goblin completely misses you.
The hobgoblin hits you.
* * * LOW HITPOINT WARNING * * *
The orc hits you with a +0 mace.
You die...

..............................
.............).........#####..
.....>.##........##.####
.................##.#
.................##.#####
.................#.......
.........................
.................g.......
................hg†......
...............ogg.......
.................).......
............#...))#.###..
............#........#
............#........#
............#........#
..................#.##
......................


You could see an orc, a hobgoblin and 3 goblins.

Vanquished Creatures
  Sigmund (D:3)
  A hound (D:3)
  Robin (D:3)
  3 adders
  5 giant cockroaches
  15 goblins
  4 hobgoblins
  2 jackals (D:2)
  4 kobolds
  4 ball pythons
  6 bats
  4 frilled lizards
  A rat (D:2)
51 creatures vanquished.

Notes
Turn   | Place    | Note
-------+----------+-------------------------------------------
     0 | D:1      | LeprechaunX the Octopode Shapeshifter began the quest for
                  | the Orb.
     0 | D:1      | Reached XP level 1. HP: 13/13 MP: 1/1
   115 | D:1      | Reached XP level 2. HP: 18/18 MP: 2/2
   690 | D:2      | Reached XP level 3. HP: 19/23 MP: 3/3
  1190 | D:3      | Reached XP level 4. HP: 29/29 MP: 4/4
  1257 | D:3      | Noticed Sigmund
  1275 | D:3      | Killed Sigmund
  1276 | D:3      | Reached XP level 5. HP: 35/35 MP: 5/5
  1276 | D:3      | Reached XP level 6. HP: 41/41 MP: 6/6
  1480 | D:3      | Found a faded altar of an unknown god.
  1520 | D:3      | Noticed Robin
  1530 | D:3      | Killed Robin
  1535 | D:3      | Slain by an orc

Illustrated notes

Levels and vault maps discovered:
D:1:      ncdulo_smallfort, layout_rooms, minmay_misc_feat_pillars, nrook_uturn,
          palyth_stone_intersect, st_stairs_2, minivault_25
D:2:      layout_basic, nicolae_houndstooth_variations
D:3:      layout_basic, pdpol_wu_jian_five_deadly_venoms,
          ebering_ecumenical_altar_sacrificial, minmay_misc_feat_ornament,
          uniq_sigmund, uniq_robin

Skill      XL: |  1  2  3  4  5  6 |
---------------+-------------------+-----
Fighting       | 2 |  2.7
Dodging        | 3 |  3.3
Shapeshifting  | 4 |  4.7
Unarmed Combat | 4 |  4.0

Action                     |  1- 3 |  4- 6 || total
---------------------------+-------+-------++-------
  Melee: Unarmed           |    60 |    35 ||    95
         Constrict         |    13 |     6 ||    19
         Tentacles         |     6 |     5 ||    11
         Punch             |     2 |     2 ||     4
    Use: Potion            |       |     1 ||     1
   Stab: Sleeping          |     9 |       ||     9
 Armour: Skin              |    24 |    32 ||    56
  Dodge: Dodged            |    35 |    18 ||    53

Table legend: (Time is in decaauts)
 A = Elapsed time spent in this place.
 B = Non-inter-level travel time spent in this place.
 C = Inter-level travel time spent in this place.
 D = Time resting spent in this place.
 E = Time spent auto-exploring this place.
 F = Levels seen in this place.
 G = Mean time per level.
                   A        B        C        D        E       F      G
               +--------+--------+--------+--------+--------+-----+--------+
         Total |   1528 |   1473 |     55 |     17 |   1202 |   3 |  509.3 |
       Dungeon |   1528 |   1473 |     55 |     17 |   1202 |   3 |  509.3 |
               +--------+--------+--------+--------+--------+-----+--------+

Top non-repeatable levels by time:
     D:1: 596 daAuts
     D:2: 584 daAuts
     D:3: 347 daAuts
